 Dungeon Crawl Stone Soup version 0.27.1-1-g398f81649c (webtiles) character file.

Game seed: 15741348121270652696

709 bnorton916 the Vexing (level 7, -2/36 HPs)
             Began as a Deep Elf Conjurer on Sept 8, 2021.
             Was an Initiate of Vehumet.
             Slain by a two-headed ogre (26 damage)
             ... on level 6 of the Dungeon.
             The game lasted 00:05:24 (4951 turns).

bnorton916 the Vexing (Deep Elf Conjurer)           Turns: 4951, Time: 00:05:25

Health: -2/36      AC:  3    Str:  4    XL:     7   Next: 40%
Magic:  5/16       EV: 12    Int: 25    God:    Vehumet [......]
Gold:   159        SH:  0    Dex: 13    Spells: 1/15 levels left

rFire    . . .     SeeInvis .   (no weapon)
rCold    . . .     Faith    .   (no shield)
rNeg     . . .     Spirit   .   a - +0 robe
rPois    .         Reflect  .   (no helmet)
rElec    .         Harm     .   (no cloak)
rCorr    .         Rampage  .   t - +0 pair of gloves
Will     .....                  (no boots)
Stlth    ++........             o - amulet of regeneration
HPRegen  1.12/turn              v - +4 ring of slaying
MPRegen  0.15/turn              (no ring)

@: no status effects
A: no striking features
a: Renounce Religion


You were on level 6 of the Dungeon.
You worshipped Vehumet.
Vehumet was noncommittal.
You visited 1 branch of the dungeon, and saw 6 of its levels.

You collected 222 gold pieces.
You spent 63 gold pieces at shops.

Inventory:

Hand Weapons
 i - a +0 short sword of draining
Armour
 a - a +0 robe (worn)
 t - a +0 pair of gloves (worn)
Jewellery
 l - an amulet of reflection
 o - an amulet of regeneration (around neck)
 v - a +4 ring of slaying (left hand)
 w - an amulet of the acrobat
Wands
 x - a wand of digging (8)
 y - a wand of acid (7)
Scrolls
 c - a scroll of teleportation {unknown}
 e - 2 scrolls of fog {unknown}
 f - 3 scrolls of magic mapping
 h - 2 scrolls of immolation {unknown}
 j - 2 scrolls of identify
 r - a scroll of summoning {unknown}
 s - 2 scrolls of enchant armour {unknown}
 u - a scroll of acquirement {unknown}
Potions
 b - 3 potions of curing
 d - 2 potions of lignification {unknown}
 g - a potion of invisibility {unknown}
 k - 3 potions of resistance {unknown}
 m - a potion of flight {unknown}
 n - 3 potions of berserk rage
 p - a potion of ambrosia {unknown}
 q - a potion of heal wounds {unknown}


   Skills:
 - Level 2.4 Dodging
 - Level 2.4 Stealth
 - Level 4.8 Spellcasting
 - Level 5.4 Conjurations
 + Level 5.9 Hexes
 + Level 4.9 Translocations
 + Level 2.0 Ice Magic


You had one spell level left.
You knew the following spells:

 Your Spells              Type           Power      Damage    Failure   Level
a - Magic Dart            Conj           100%       1d8       1%          1
b - Searing Ray           Conj           66%        3d5       1%          2
c - Fulminant Prism       Conj/Hex       17%        3d11      8%          4
d - Iskenderun's Mystic   Conj/Tloc      32%        2d8       10%         4
e - Frozen Ramparts       Ice            32%        1d5       11%         3

Your spell library contained the following spells:

 Spells                   Type           Power      Damage    Failure   Level
 Freeze                   Ice            64%        1d8       3%          1
 Slow                     Hex            35%        N/A       1%          2
 Confusing Touch          Hex            35%        N/A       2%          3
 Dazzling Flash           Conj/Hex       68%        N/A       2%          3
 Hailstorm                Conj/Ice       24%        3d7       19%         4
 Vampiric Draining        Necr           3%         2d6       26%         3


Dungeon Overview and Level Annotations

Branches:
Dungeon (6/15)
 Temple: D:4-7

Altars:
Okawaru
Trog
Vehumet

Shops:
D:4 *


Message History

Casting: Magic Dart (safe; 1% risk of failure)
Confirm with . or Enter, or press ? or * to list all spells.
Aiming: Magic Dart (safe; 1% risk of failure)
Press: ? - help, Shift-Dir - straight line, f/p - jelly
Aim: a jelly (almost dead, 100% to hit)
The magic dart hits the jelly!
You kill the jelly!
Vehumet accepts your kill.
Your Ice Magic skill increases to level 2!
Casting: Magic Dart (safe; 1% risk of failure)
Confirm with . or Enter, or press ? or * to list all spells.
Aiming: Searing Ray (safe; 1% risk of failure)
Press: ? - help, Shift-Dir - straight line, f - two-headed ogre
Aim: a two-headed ogre, wielding a +0 giant spiked club and a +0 giant club (91% to hit)
The searing ray hits the two-headed ogre.
The two-headed ogre is lightly wounded. (Press . to maintain the ray.)
The searing ray hits the two-headed ogre!
The two-headed ogre is moderately wounded.
The searing ray hits the two-headed ogre!
The two-headed ogre is heavily wounded.
The searing ray hits the two-headed ogre!
The two-headed ogre is severely wounded.
You finish channeling your searing ray.
The two-headed ogre closely misses you. x2
Unknown command.
Casting: Searing Ray (safe; 1% risk of failure)
Confirm with . or Enter, or press ? or * to list all spells.
Aiming: Searing Ray (safe; 1% risk of failure)
Press: ? - help, Shift-Dir - straight line, f/p - two-headed ogre
Aim: a two-headed ogre, wielding a +0 giant spiked club and a +0 giant club (severely wounded, 91% to hit)
The searing ray hits the two-headed ogre!
The two-headed ogre is severely wounded. (Press . to maintain the ray.)
The two-headed ogre hits you with a +0 giant spiked club!
The two-headed ogre barely misses you.
The searing ray hits the two-headed ogre.
The two-headed ogre is almost dead.
The two-headed ogre hits you with a +0 giant spiked club!!
Ouch! That really hurt!
You die...

...#.# # #<##.....##...#
.###.#.###.... $..+..........
......<....... #.##......#
..###O####.... #.#.......###### .
#.# # #.#..#####......
..###.############.#..#####......
..........................+......
...........$.......########......
........O......$@..# #######
...............O...# #
...................# #
...................# ###
...................# #..
...................# #.#
...................# #
...................#


You could see a two-headed ogre.

Vanquished Creatures
  Grinder (D:6)
  An ogre (D:3)
  A phantom (D:6)
  A scorpion (D:5)
  An orc priest (D:5)
  A hound (D:5)
  A jelly (D:6)
  2 centaur skeletons
  An orc wizard (D:5)
  5 adders
  An ufetubus (D:5)
  A worm (D:3)
  2 dart slugs
  8 orcs
  2 bats (D:1)
  3 endoplasms
  2 giant cockroaches
  7 goblins
  6 hobgoblins
  4 jackals (D:1)
  A quokka (D:2)
  7 ball pythons
  A frilled lizard (D:3)
  4 kobolds
  5 rats
69 creatures vanquished.

Notes
Turn   | Place    | Note
-------+----------+-------------------------------------------
     0 | D:1      | bnorton916 the Deep Elf Conjurer began the quest for the
                  | Orb.
     0 | D:1      | Reached XP level 1. HP: 10/10 MP: 6/6
   342 | D:1      | Reached XP level 2. HP: 13/15 MP: 4/8
  1414 | D:2      | Found a faded altar of an unknown god.
  1655 | D:3      | Reached skill level 5 in Conjurations
  1655 | D:3      | Reached XP level 3. HP: 19/19 MP: 4/10
  1658 | D:3      | Learned a level 2 spell: Searing Ray
  2048 | D:3      | Reached XP level 4. HP: 24/24 MP: 4/12
  2209 | D:3      | Learned a level 4 spell: Fulminant Prism
  2214 | D:3      | Learned a level 4 spell: Iskenderun's Mystic Blast
  2229 | D:3      | Found a bloodstained altar of Trog.
  2321 | D:3      | Noticed an ogre
  2328 | D:3      | Killed an ogre
  2329 | D:3      | Reached XP level 5. HP: 28/28 MP: 4/14
  2577 | D:3      | Found an iron altar of Okawaru.
  2947 | D:4      | Found Varuk's General Store.
  3093 | D:4      | Found a radiant altar of Vehumet.
  3139 | D:4      | Became a worshipper of Vehumet
  3365 | D:4      | Bought a +0 pair of gloves for 63 gold pieces
  3435 | D:5      | Entered Level 5 of the Dungeon
  3580 | D:5      | Reached XP level 6. HP: 24/32 MP: 6/15
  4477 | D:6      | Reached skill level 5 in Hexes
  4481 | D:6      | Learned a level 3 spell: Frozen Ramparts
  4510 | D:6      | Noticed Grinder
  4541 | D:6      | Killed Grinder
  4542 | D:6      | Reached skill level 1 in Ice Magic
  4542 | D:6      | Reached XP level 7. HP: 36/36 MP: 4/16
  4612 | D:6      | Noticed a two-headed ogre
  4951 | D:6      | Slain by a two-headed ogre

Illustrated notes

Levels and vault maps discovered:
D:1:      giann_forest_graveyard, layout_basic, minmay_misc_feat_x
D:2:      layout_loops_ring, basic_ecumenical_altar
D:3:      wad_crossroads, layout_basic, kennysheep_okawaru_gauntlet,
          mainiacjoe_overflow_tiny_flanked
D:4:      layout_rooms, amcnicky_altar_gilded, serial_shops,
          nicolae_shop_statue_plus
D:5:      layout_rooms, grunt_ministairs_11
D:6:      layout_basic, uniq_grinder

Skill      XL: |  1  2  3  4  5  6  7 |
---------------+----------------------+-----
Spellcasting   | 4 |  4.8
Conjurations   | 5 |  5.4
Hexes          | 2 4 5 |  5.9
Translocations | 2 3 4 |  4.9
Ice Magic      | 1 2 |  2.0
Dodging        | |  2.4
Stealth        | |  2.4

Action                   |  1- 3 |  4- 6 |  7- 9 || total
-------------------------+-------+-------+-------++-------
 Cast: Magic Dart        |    77 |    63 |     5 ||   145
       Searing Ray       |     1 |    10 |     3 ||    14
  Use: Scroll            |       |     3 |       ||     3
Armor: Robe              |     2 |     4 |       ||     6
Dodge: Dodged            |    12 |     6 |     3 ||    21
Block: Other             |       |     4 |       ||     4
